 Dungeon Crawl Stone Soup version 0.30-a0-476-g330ca2eb8e (webtiles) character file.

Game seed: 10926046331765888886

467 bande the Chopper (level 7, -1/43 HPs)
             Began as a Gargoyle Fighter on Dec 22, 2022.
             Slain by Edmund
             ... wielding a +5 vorpal flail
              (13 damage)
             ... on level 4 of the Dungeon.
             The game lasted 00:06:29 (3548 turns).

bande the Chopper (Gargoyle Fighter)                Turns: 3548, Time: 00:06:29

Health: -1/43      AC: 15    Str: 20    XL:     7   Next: 8%
Magic:  7/7        EV:  9    Int:  8    God:
Gold:   173        SH:  7    Dex: 13    Spells: 6/6 levels left

rFire   . . .      SeeInvis .    a - +0 war axe
rCold   . . .      Faith    .    e - +2 buckler
rNeg    + . .      Spirit   .    b - +0 scale mail
rPois   ∞          Reflect  .    r - +1 helmet
rElec   +          Harm     .    (no cloak)
rCorr   .          Rampage  .    (no gloves)
Will    .....                    f - +0 pair of boots of Activism {+Inv rPois Regen+ Dex+2}
Stlth   ..........               (no amulet)
HPRegen 1.07/turn                (no ring)
MPRegen 0.10/turn                (no ring)

@: no status effects
A: sickness immunity, AC +4, negative energy resistance 1, electricity
resistance, torment resistance 1, petrification resistance
a: Evoke Invisibility


You were on level 4 of the Dungeon.
You visited 2 branches of the dungeon, and saw 7 of its levels.

You collected 173 gold pieces.

Inventory:

Hand Weapons
 a - a +0 war axe (weapon)
 c - a +0 flail
Armour
 b - a +0 scale mail (worn)
 e - a +2 buckler (worn)
 f - the +0 pair of boots of Activism (worn) {+Inv rPois Regen+ Dex+2}
   (You acquired it on level 3 of the Dungeon)

   Dex:       It affects your dexterity (+2).
   rPois:     It protects you from poison.
   +Inv:      It lets you turn invisible.
   Regen:     It increases your rate of health regeneration.
 r - a +1 helmet (worn)
Jewellery
 l - the ring of Zupym {Ice rN+++ Int+2 Slay-2}
   (You found it on level 6 of the Dungeon)

   [ring of ice]

   It enhances your ice magic.
   Int:       It affects your intelligence (+2).
   Slay:      It affects your accuracy & damage with ranged weapons and melee
   (-2).
   rF:        It makes you vulnerable to fire.
   rC:        It protects you from cold.
   rN:        It renders you almost immune to negative energy.
Wands
 m - a wand of roots (12)
 o - a wand of charming (9)
 t - a wand of flame (23)
Scrolls
 g - a scroll of magic mapping
Potions
 d - 2 potions of might
 h - a potion of mutation {unknown}
 i - a potion of ambrosia {unknown}
 s - 3 potions of heal wounds


   Skills:
 + Level 4.2 Fighting
 + Level 4.7 Axes
 + Level 4.5 Armour
 + Level 4.3 Shields
 * Level 2.0 Evocations


You had 6 spell levels left.
You didn't know any spells.
Your spell library contained the following spells:

 Spells                   Type           Power      Damage    Failure   Level
 Ensorcelled Hibernation  Hex/Ice        0%         N/A       93%         2
 Passwall                 Tmut/Erth      0%         N/A       93%         2
 Inner Flame              Hex/Fire       0%         N/A       99%         3
 Swiftness                Air            0%         N/A       99%         3
 Flame Wave               Conj/Fire      0%         2d4       100%        4
 Petrify                  Tmut/Erth      0%         N/A       100%        4
 Sticky Flame             Conj/Fire      0%         2d3       100%        4
 Irradiate                Conj/Tmut      0%         3d11      100%        5
 Sublimation of Blood     Necr           Unusable   N/A       N/A         2

Dungeon Overview and Level Annotations

Branches:
Dungeon (6/15)             Temple (1/1) D:4

Altars:
Ashenzari
Cheibriados
Fedhas
Makhleb
Qazlal
Trog
Uskayaw
Vehumet
Wu Jian
Xom

Annotations:
D:4 Edmund


Innate Abilities, Weirdness & Mutations

You are immune to sickness and miasma.
Your stone body is resilient. (AC +4)
You are immune to poison.
You resist negative energy. (rN+)
You are resistant to electric shocks. (rElec)
You are resistant to unholy torment.
You are immune to petrification.


Message History

Edmund is heavily wounded.
You block Edmund's attack. Edmund misses you.
You barely miss Edmund.
Edmund is heavily wounded.
Edmund hits you with a +5 vorpal flail.
You closely miss Edmund.
Edmund is heavily wounded.
You block Edmund's attack.
You hit Edmund but do no damage.
Edmund is heavily wounded.
Edmund hits you with a +5 vorpal flail. Edmund hits you with a +5 vorpal flail!
You barely miss Edmund.
Edmund is heavily wounded.
Edmund hits you but does no damage.
You hit Edmund.
Edmund is heavily wounded.
Edmund hits you with a +5 vorpal flail.
You hit Edmund but do no damage.
Edmund is heavily wounded.
Edmund says, "People think my brother is the best.
I think he's crazy."
Edmund hits you with a +5 vorpal flail.
You hit Edmund but do no damage.
Edmund is heavily wounded.
Edmund barely misses you. Edmund completely misses you.
You slash Edmund!
Edmund is severely wounded.
Edmund hits you with a +5 vorpal flail!
You are too injured to fight recklessly!
You are too injured to fight recklessly!
You are too injured to fight recklessly!
You are too injured to fight recklessly!
You are too injured to fight recklessly!
You barely miss Edmund.
Edmund is severely wounded.
Edmund hits you with a +5 vorpal flail.
* * * LOW HITPOINT WARNING * * *
x2 You hit Edmund but do no damage.
Edmund is severely wounded.
Edmund hits you with a +5 vorpal flail!
You die...

#.#
#.##############.....#
..'........#...#.....#
..#......).#...#.....#
.##........#...+.....#
.##..##..###...#.....#
.#######'###..[#.....#
.....#..(......#.....#
.....#.........'@@...#
.....###########.....#
###.†#...............#
#..#...............#
#..#...............#
#..'...............#
..####...............#
.....................#
.....................#


You could see Edmund.

Vanquished Creatures
  A bullfrog (D:4)
  An orc priest (D:3)
  2 hounds (D:4)
  Jessica (D:3)
  Natasha (thrice) (D:3)
  An iguana (D:4)
  An orc wizard (D:3)
  Robin (D:3)
  5 adders
  A worm (D:3)
  3 dart slugs
  3 orcs (D:3)
  5 ball pythons
  9 endoplasms
  4 giant cockroaches
  11 hobgoblins
  3 jackals (D:1)
  10 kobolds
  2 quokkas (D:2)
  7 bats
  4 frilled lizards
  18 goblins
  4 rats
100 creatures vanquished.

Vanquished Creatures (others)
  2 plants (D:2)
2 creatures vanquished.

Grand Total: 102 creatures vanquished

Notes
Turn   | Place    | Note
-------+----------+-------------------------------------------
     0 | D:1      | bande the Gargoyle Fighter began the quest for the Orb.
     0 | D:1      | Reached XP level 1. HP: 14/14 MP: 1/1
   155 | D:1      | Reached XP level 2. HP: 17/19 MP: 2/2
   537 | D:1      | Found a faded altar of an unknown god.
   572 | D:1      | Reached XP level 3. HP: 17/23 MP: 3/3
  1485 | D:2      | Reached XP level 4. HP: 28/28 MP: 4/4
  1880 | D:3      | You fall into a shaft and drop 3 floors!
  1894 | D:6      | Identified the ring of Zupym {Ice rN+++ Int+2 Slay-2}
  1904 | D:5      | Entered Level 5 of the Dungeon
  1980 | D:4      | Reached XP level 5. HP: 32/33 MP: 5/5
  2019 | D:3      | Noticed Natasha
  2030 | D:3      | Killed Natasha
  2030 | D:3      | Noticed Natasha
  2042 | D:3      | Killed Natasha
  2112 | D:3      | Noticed Robin
  2121 | D:3      | Killed Robin
  2122 | D:3      | Reached skill level 1 in Evocations
  2439 | D:3      | Found a radiant altar of Vehumet.
  2469 | D:3      | Reached XP level 6. HP: 7/38 MP: 6/6
  3026 | D:3      | Noticed Jessica
  3029 | D:3      | Killed Jessica
  3040 | D:3      | Identified a scroll of acquirement
  3040 | D:3      | Acquired the +0 pair of boots of Activism {+Inv rPois
                  | Regen+ Dex+2}
  3053 | D:3      | Noticed Natasha
  3066 | D:3      | Killed Natasha
  3244 | D:4      | Found a staircase to the Ecumenical Temple.
  3256 | Temple   | Entered the Ecumenical Temple
  3426 | D:4      | Reached XP level 7. HP: 40/43 MP: 7/7
  3533 | D:4      | Noticed Edmund
  3548 | D:4      | Slain by Edmund

Illustrated notes

Levels and vault maps discovered:
D:1:      dpeg_arrival_renting, layout_basic, basic_ecumenical_altar,
          minmay_pentomino_x4
D:2:      layout_loops_corners, serial_forest, infiniplex_forest_straight_2,
          infiniplex_forest_lined_3, infiniplex_forest_straight_2,
          infiniplex_forest_clump_small, infiniplex_forest_clump_small,
          infiniplex_forest_clump_small, infiniplex_forest_lined_3_way
D:3:      layout_loops_cross, vehumet_altar_wand_db, uniq_jessica, uniq_natasha,
          uniq_robin
D:4:      layout_gridville, minmay_temple_entry_ruins, roderic_lattice_a,
          uniq_crazy_yiuf_cottage, uniq_edmund
D:5:      layout_layer_cave, nicolae_overflow_crystal_walls,
          general_overflow_altar, serial_shops, nicolae_shop_advertising_works
          [nicolae_subvault_shop_adworks]
D:6:      layout_rooms, tso_altar, kennysheep_decorative_pillar
Temple:   nicolae_temple_figure_zero

Skill      XL: |  1  2  3  4  5  6  7 |
---------------+----------------------+-----
Axes           | 2 3 4 |  4.7
Armour         | 4 |  4.5
Shields        | 4 |  4.3
Evocations     | 1 2 |  2.0
Fighting       | 4 |  4.2

Action                   |  1- 3 |  4- 6 |  7- 9 || total
-------------------------+-------+-------+-------++-------
Melee: War axe           |   105 |   153 |    30 ||   288
  Use: Scroll            |       |     8 |       ||     8
       Potion            |       |     1 |       ||     1
Armor: Scale mail        |    40 |    75 |    11 ||   126
Dodge: Dodged            |    49 |    68 |     9 ||   126
Block: Buckler           |    34 |    70 |     9 ||   113

Table legend: (Time is in decaauts)
 A = Elapsed time spent in this place.
 B = Non-inter-level travel time spent in this place.
 C = Inter-level travel time spent in this place.
 D = Time resting spent in this place.
 E = Time spent auto-exploring this place.
 F = Levels seen in this place.
 G = Mean time per level.
                   A        B        C        D        E       F      G
               +--------+--------+--------+--------+--------+-----+--------+
         Total |   3666 |   3604 |     62 |    550 |   2146 |   7 |  523.7 |
       Dungeon |   3542 |   3489 |     53 |    550 |   2034 |   6 |  590.3 |
        Temple |    123 |    114 |      9 |      0 |    112 |   1 |  123.0 |
               +--------+--------+--------+--------+--------+-----+--------+

Top non-repeatable levels by time:
     D:3: 1469 daAuts
     D:2: 878 daAuts
     D:1: 839 daAuts
     D:4: 279 daAuts
  Temple: 123 daAuts
     D:5: 51 daAuts
     D:6: 23 daAuts
